 Dungeon Crawl Stone Soup version 0.30-a0-371-gad7725a93e (webtiles) character file.

Game seed: 11720029878382952286

413 ryw the Cudgeller (level 6, 0/78 HPs)
             Began as a Demigod Fighter on Nov 22, 2022.
             Killed by nerve-wracking pain
             ... invoked by a shadow imp
              (3 damage)
             ... on level 4 of the Dungeon.
             The game lasted 00:06:09 (2212 turns).

ryw the Cudgeller (Demigod Fighter)                 Turns: 2212, Time: 00:06:10

Health: 0/78       AC:  7    Str: 25    XL:     6   Next: 33%
Magic:  8/8        EV: 10    Int: 10    God:
Gold:   174        SH:  7    Dex: 22    Spells: 5/5 levels left

rFire   . . .      SeeInvis .    f - +2 mace "Idasor" {vorpal, *Rage rC+ Dex+9 Stlth+}
rCold   + . .      Faith    .    c - +1 buckler
rNeg    . . .      Spirit   .    e - +0 ring mail
rPois   .          Reflect  .    (no helmet)
rElec   .          Harm     .    p - +0 cloak
rCorr   .          Rampage  .    (no gloves)
Will    .....      Rage     20%  (no boots)
Stlth   ..........               (no amulet)
HPRegen 0.33/turn                (no ring)
MPRegen 0.11/turn                (no ring)

@: berserking (expiring), very quick
A: high MP 1, forlorn, divine attributes
a: no special abilities


You were on level 4 of the Dungeon.
You visited 1 branch of the dungeon, and saw 5 of its levels.

You collected 174 gold pieces.

Inventory:

Hand Weapons
 a - a +0 flail
 f - the +2 mace "Idasor" (weapon) {vorpal, *Rage rC+ Dex+9 Stlth+}
   (You found it on level 2 of the Dungeon)

   It inflicts extra damage upon your enemies.
   Dex:       It affects your dexterity (+9).
   rC:        It protects you from cold.
   *Rage:     It berserks you when you make melee attacks (+20% chance).
   Stlth:     It makes you more stealthy.
Missiles
 h - 7 poisoned darts (quivered)
Armour
 c - a +1 buckler (worn)
 e - a +0 ring mail (worn)
 p - a +0 cloak (worn)
Jewellery
 g - a ring of protection from cold
Scrolls
 k - 2 scrolls of fear
Potions
 b - 3 potions of curing
 d - 2 potions of might
 i - a potion of berserk rage {unknown}
 j - a potion of invisibility
 m - a potion of heal wounds {unknown}
 n - a potion of magic
 o - 2 potions of attraction


   Skills:
 + Level 4.0 Fighting
 * Level 4.7 Maces & Flails
 + Level 4.1 Armour
 - Level 2.6 Shields


You had 5 spell levels left.
You didn't know any spells.
Your spell library contained the following spells:

 Spells                   Type           Power      Damage    Failure   Level
 Cigotuvi's Dreadful Rot  Necr/Pois/Air  0%         N/A       75%         2
 Poisonous Vapours        Pois/Air       0%         N/A       75%         2
 Mephitic Cloud           Conj/Pois/Air  0%         N/A       92%         3


Dungeon Overview and Level Annotations

Branches:
Dungeon (5/15)
 Temple: D:4-7

Shops:
D:3 =[?   D:4 (


Innate Abilities, Weirdness & Mutations

You have an increased reservoir of magic. (+10% MP)
You shall have no god before yourself.
Your divine heritage dramatically boosts your attributes as you level up.


Message History

You see here an iguana corpse.
You feel a strong urge to attack something.
The orc hits you but does no damage. The orc misses you.
The orc wizard gestures at you while chanting.
The magic dart hits you.
* * * LOW HITPOINT WARNING * * *
The orc priest calls down the wrath of Beogh upon you.
Beogh smites you!
* * * LOW HITPOINT WARNING * * *
You block the shadow imp's attack.
You climb upwards.
There is a stone staircase leading down, spattered with blood here.
You closely miss the orc priest. The orc barely misses you.
The orc wizard barely misses you. The shadow imp barely misses you.
The orc priest closely misses you.
You hit the orc priest but do no damage.
You barely miss the orc priest. The orc hits you but does no damage.
The orc wizard hits you with a +0 dagger.
* * * LOW HITPOINT WARNING * * *
The shadow imp hits you.
* * * LOW HITPOINT WARNING * * *
The orc priest hits you with a +0 flail.
* * * LOW HITPOINT WARNING * * *
You sock the orc wizard!
The orc wizard is almost dead.
You block the orc's attack. The orc wizard barely misses you.
The shadow imp hits you.
* * * LOW HITPOINT WARNING * * *
The orc priest barely misses you.
You sock the orc wizard!
You kill the orc wizard!
The orc hits you with a +0 dagger.
* * * LOW HITPOINT WARNING * * *
The orc priest closely misses you. The shadow imp barely misses you.
You hit the shadow imp.
The shadow imp is heavily wounded.
The orc closely misses you. The orc priest closely misses you.
The shadow imp gestures at you. Pain shoots through your body!
You die...

.........#...#.###...............
...........).#......###...#†#####
#....#..............###...>...##
##.###.##.......#....#....##...#
#.###.#...#.#............###..##
#.....#.#.#...........#<####....
####..#.#.##......#.............
####....#.#...o####.#...####....
#..#..###.#.##o@###.#...........
##.#...#..#.###o5##...#.(..##...
#.......#..# ##...#..#..#.##..<
##...#....## ###.##....#.##...
#.......## #.##....#......
#........##### #.#.........###
##....##[.....###....#.......##
##........##............####....
#.................######## ###.#


You could see an orc priest, a shadow imp and 2 orcs.

Vanquished Creatures
  2 necrophages (D:4)
  A jelly (D:4)
  An orc priest (D:4)
  3 iguanas
  2 orc wizards (D:4)
  4 adders
  3 worms
  A dart slug (D:3)
  2 orcs (D:4)
  6 endoplasms
  4 giant cockroaches
  7 hobgoblins
  2 quokkas
  4 ball pythons
  8 bats
  A frilled lizard (D:2)
  7 goblins
  5 kobolds
  2 rats
65 creatures vanquished.

Vanquished Creatures (others)
  An endoplasm (D:3)
1 creature vanquished.

Grand Total: 66 creatures vanquished

Notes
Turn   | Place    | Note
-------+----------+-------------------------------------------
     0 | D:1      | ryw the Demigod Fighter began the quest for the Orb.
     0 | D:1      | Reached XP level 1. HP: 18/18 MP: 3/3
    45 | D:1      | You fall into a shaft and drop 1 floor!
   128 | D:2      | Reached XP level 2. HP: 25/25 MP: 4/4
   238 | D:2      | Identified the +2 mace "Idasor" {vorpal, *Rage rC+ Dex+9
                  | Stlth+}
   567 | D:2      | Reached XP level 3. HP: 31/31 MP: 5/5
   663 | D:3      | Found Ciejydy's Jewellery Shop.
   760 | D:3      | Found Kigoll's Magic Scroll Shop.
  1125 | D:3      | Found Qopuoxupn's Antique Armour Emporium.
  1205 | D:3      | Noticed a blizzard demon
  1209 | D:3      | Noticed a hellwing
  1209 | D:3      | Noticed a hellwing
  1312 | D:4      | Reached XP level 4. HP: 38/38 MP: 6/6
  1768 | D:4      | Found Ruckirch's Antique Weapon Shoppe.
  1883 | D:5      | Entered Level 5 of the Dungeon
  1904 | D:4      | Reached XP level 5. HP: 22/45 MP: 7/7
  2101 | D:4      | Reached XP level 6. HP: 27/52 MP: 8/8
  2211 | D:4      | HP: 3/78 [orc/+0 dagger (2)]
  2212 | D:4      | Killed from afar by a shadow imp

Illustrated notes

Levels and vault maps discovered:
D:1:      heliophobic_arrival_battle_scene, layout_basic, serial_shops, shop,
          basic_ecumenical_altar
D:2:      layout_rooms
D:3:      layout_loops_ring, nicolae_qazlal_scattered_showers,
          makhleb_altar_promises_db, serial_shops, nicolae_shop_behind_doors,
          shop, nicolae_shop_window_shopping, st_stairs_13
D:4:      layout_rooms, nicolae_ru_great_annihilating_truth, serial_shops,
          nicolae_lakefront_shop, minmay_unequal
D:5:      layout_cave_pools, serial_shops,
          nicolae_shop_temple_entry_statues_fountains

Skill      XL: |  1  2  3  4  5 |
---------------+----------------+-----
Maces & Flails | 2 3 4 |  4.7
Armour         | 3 4 |  4.1
Fighting       | 3 4 |  4.0
Shields        | |  2.6

Action                   |  1- 3 |  4- 6 || total
-------------------------+-------+-------++-------
Melee: Flail             |    27 |       ||    27
       Mace              |    55 |    56 ||   111
  Use: Scroll            |     6 |     2 ||     8
 Stab: Sleeping          |     5 |     3 ||     8
       Paralysed         |       |     1 ||     1
Armor: Scale mail        |    14 |       ||    14
       Ring mail         |    22 |    30 ||    52
Dodge: Dodged            |    36 |    35 ||    71
Block: Buckler           |    14 |    18 ||    32

Table legend: (Time is in decaauts)
 A = Elapsed time spent in this place.
 B = Non-inter-level travel time spent in this place.
 C = Inter-level travel time spent in this place.
 D = Time resting spent in this place.
 E = Time spent auto-exploring this place.
 F = Levels seen in this place.
 G = Mean time per level.
                   A        B        C        D        E       F      G
               +--------+--------+--------+--------+--------+-----+--------+
         Total |   2433 |   2379 |     54 |    308 |   1422 |   5 |  486.6 |
       Dungeon |   2433 |   2379 |     54 |    308 |   1422 |   5 |  486.6 |
               +--------+--------+--------+--------+--------+-----+--------+

Top non-repeatable levels by time:
     D:4: 976 daAuts
     D:3: 719 daAuts
     D:2: 650 daAuts
     D:1: 45 daAuts
     D:5: 41 daAuts
